 Dungeon Crawl Stone Soup version 0.29-a0-555-g3b24f45cc1 (webtiles) character file.

Game seed: 9130954728765159069

302218 DocClef the Unseen (level 21, -5/161 (169) HPs)
             Began as a Gnoll Delver on June 7, 2022.
             Was a High Priest of Okawaru.
             Killed from afar by a deep elf high priest (30 damage)
             ... with damnation
             ... on level 3 of the Vaults.
             The game lasted 01:30:49 (48441 turns).

DocClef the Unseen (Gnoll Delver)                  Turns: 48441, Time: 01:30:49

HP:   -5/161 (169)  AC: 31    Str: 30    XL:     21   Next: 6%
MP:   25/26         EV: 26    Int:  8    God:    Okawaru [*****.]
Gold: 4738          SH: 22    Dex: 24    Spells: 48/48 levels left

rFire   + + +      SeeInvis +   v - +10 short sword "Pyluclius" {pain, Fly rC- Int-5 Dex+6}
rCold   . . .      Faith    .   Y - +0 kite shield
rNeg    . . .      Spirit   .   N - +2 scale mail of the Pleiades {MP-9 Int+3 Slay+5}
rPois   +          Reflect  +   A - +1 helmet {SInv}
rElec   +          Harm     .   q - +2 cloak of Magic {Str+4}
rCorr   .          Rampage  .   S - +4 pair of gloves of Larghoeri {Drain rElec rF+++ Str+2}
Will    ++...                   T - +2 pair of boots
Stlth   ++++++++..              M - amulet of reflection
HPRegen 0.36/turn               R - ring of protection from cold
MPRegen 0.20/turn               i - ring of Hoz Uhesch {rPois Will+ Str+2}

@: heroic, flying, lightly drained
A: fangs 1, strong nose, distributed training, iridescent scales 1, thin
skeletal structure 1, fire resistance 1, low MP 1, strong 1
}: 2/15 runes: decaying, gossamer
a: Renounce Religion, Heroism, Finesse, Duel


You were on level 3 of the Vaults.
You worshipped Okawaru.
Okawaru was extremely pleased with you.
You visited 7 branches of the dungeon, and saw 35 of its levels.
You visited the Abyss 1 time.
You also visited: Bailey, Gauntlet and Ice Cave.

You collected 4738 gold pieces.

Inventory:

Hand Weapons
 h - the +9 falchion of Uskayaw's Approval {protect, rC+++ rN+ Str-5 Int+4}
   (You found it on level 6 of the Lair of Beasts)

   It grants its wielder temporary protection when it strikes (+7 to AC).
   Str:       It affects your strength (-5).
   Int:       It affects your intelligence (+4).
   rC:        It renders you almost immune to cold.
   rN:        It protects you from negative energy.
 p - the +9 rapier "Lyoxughat" {elec, rN++ Will+ MP+9 Str-3}
   (You found it on level 1 of the Spider Nest)

   It occasionally discharges a powerful burst of electricity upon striking a
   foe.
   Str:       It affects your strength (-3).
   rN:        It greatly protects you from negative energy.
   MP:        It affects your magic capacity (+9).
   Will:      It increases your willpower.
 v - the +10 short sword "Pyluclius" (weapon) {pain, Fly rC- Int-5 Dex+6}
   (You found it on level 3 of the Dungeon)

   In the hands of one skilled in necromantic magic, it inflicts extra damage on
   living creatures.
   Int:       It affects your intelligence (-5).
   Dex:       It affects your dexterity (+6).
   rC:        It makes you vulnerable to cold.
   Fly:       It grants you flight.
 D - the +7 lajatang of Order {silver, rMut}
   (You found it on level 1 of the Orcish Mines)

   It inflicts extra damage upon those it strikes, and deals substantially
   increased damage to chaotic, mutated and magically transformed beings.
   rMut:      It protects you from mutation.
Missiles
 V - 17 silver javelins (quivered)
Armour
 q - the +2 cloak of Magic (worn) {Str+4}
   (You found it in a Gauntlet)

   Str:       It affects your strength (+4).
 A - a +1 helmet of see invisible (worn)
 N - the +2 scale mail of the Pleiades (worn) {MP-9 Int+3 Slay+5}
   (You found it on level 8 of the Dungeon)

   Int:       It affects your intelligence (+3).
   Slay:      It affects your accuracy & damage with ranged weapons and melee
   (+5).
   MP:        It affects your magic capacity (-9).
 S - the +4 pair of gloves of Larghoeri (worn) {Drain rElec rF+++ Str+2}
   (Okawaru gifted it to you on level 3 of the Lair of Beasts)

   Str:       It affects your strength (+2).
   rF:        It renders you almost immune to fire.
   rElec:     It insulates you from electricity.
   Drain:     It drains your maximum health when unequipped.
 T - a +2 pair of boots (worn)
 Y - a +0 kite shield (worn)
Jewellery
 i - the ring of Hoz Uhesch (right hand) {rPois Will+ Str+2}
   (You acquired it in a Gauntlet)

   [ring of willpower]

   Str:       It affects your strength (+2).
   rPois:     It protects you from poison.
   Will:      It increases your willpower.
 m - a ring of resist corrosion
 E - the necklace of Bloodlust {*Rage Will++ Int-3 Slay+6}
   (You found it on level 6 of the Lair of Beasts)

   [amulet of nothing]

   It extends the wearer's berserk rage when killing foes.
   Int:       It affects your intelligence (-3).
   Slay:      It affects your accuracy & damage with ranged weapons and melee
   (+6).
   *Rage:     It berserks you when you make melee attacks (+50% chance).
   Will:      It greatly increases your willpower.
 I - a ring of protection from cold
 M - an amulet of reflection (around neck)
 R - a ring of protection from cold (left hand)
 U - a ring of ice
 W - a ring of positive energy
Wands
 a - a wand of iceblast (32)
 g - a wand of digging (15)
 s - a wand of paralysis (22)
 B - a wand of mindburst (26)
 G - a wand of acid (26)
 Q - a wand of flame (25)
 Z - a wand of polymorph (12)
Scrolls
 b - 4 scrolls of enchant armour
 c - 9 scrolls of fog
 d - 9 scrolls of magic mapping
 e - 5 scrolls of fear
 k - 27 scrolls of teleportation
 l - 9 scrolls of poison
 u - 5 scrolls of enchant weapon
 y - 7 scrolls of amnesia
 O - 25 scrolls of identify
 X - 6 scrolls of blinking
Potions
 f - 10 potions of haste
 j - 8 potions of might
 n - 16 potions of curing
 o - 5 potions of lignification
 r - 11 potions of heal wounds
 t - 5 potions of ambrosia
 w - 7 potions of resistance
 x - 3 potions of berserk rage
 z - 4 potions of attraction
 C - 7 potions of invisibility
 J - 3 potions of magic
 K - 8 potions of brilliance
 L - 6 potions of cancellation
 P - a potion of experience
Miscellaneous
 F - a phantom mirror
 H - a phial of floods


   Skills:
 + Level 15.4(20.4) Fighting
 + Level 14.8(19.8) Short Blades
 + Level 14.1(19.1) Long Blades
 + Level 14.1(19.1) Axes
 + Level 14.1(19.1) Maces & Flails
 + Level 14.1(19.1) Polearms
 + Level 14.1(19.1) Staves
 + Level 14.1(19.1) Slings
 + Level 14.1(19.1) Bows
 + Level 14.1(19.1) Crossbows
 + Level 14.1(19.1) Throwing
 + Level 14.1(19.1) Armour
 + Level 14.8(19.8) Dodging
 + Level 16.7(21.7) Stealth
 + Level 14.1(19.1) Shields
 + Level 14.1(19.1) Unarmed Combat
 + Level 14.1 Spellcasting
 + Level 12.0 Conjurations
 + Level 12.0 Hexes
 + Level 12.0 Summonings
 + Level 12.0 Necromancy
 + Level 12.0 Translocations
 + Level 12.0 Transmutations
 + Level 12.0 Fire Magic
 + Level 12.0 Ice Magic
 + Level 12.0 Air Magic
 + Level 12.0 Earth Magic
 + Level 12.0 Poison Magic
 + Level 15.3 Invocations
 + Level 14.1 Evocations


You had 48 spell levels left.
You didn't know any spells.
Your spell library contained the following spells:

 Spells                   Type           Power      Damage    Failure   Level
 Freeze                   Ice            96%        1d11      1%          1
 Necrotize                Necr           96%        1d8       1%          1
 Slow                     Hex            96%        N/A       1%          1
 Sting                    Tmut/Pois      96%        1d7       1%          1
 Blink                    Tloc           48%        N/A       1%          2
 Ensorcelled Hibernation  Hex/Ice        48%        N/A       1%          2
 Passwall                 Tmut/Erth      20%        N/A       1%          2
 Poisonous Vapours        Pois/Air       48%        N/A       1%          2
 Static Discharge         Conj/Air       24%        N/A       1%          2
 Confusing Touch          Hex            24%        N/A       1%          3
 Frozen Ramparts          Ice            48%        1d6       1%          3
 Gell's Gravitas          Tloc           24%        N/A       1%          3
 Lesser Beckoning         Tloc           24%        N/A       1%          3
 Portal Projectile        Hex/Tloc       48%        N/A       1%          3
 Swiftness                Air            24%        N/A       1%          3
 Teleport Other           Tloc           24%        N/A       1%          3
 Vampiric Draining        Necr           24%        2d7       1%          3
 Cause Fear               Hex            12%        N/A       1%          4
 Corpse Rot               Necr/Pois/Air  24%        N/A       1%          4
 Dispel Undead            Necr           24%        3d12      1%          4
 Hailstorm                Conj/Ice       24%        3d7       1%          4
 Olgreb's Toxic Radiance  Pois           24%        N/A       1%          4
 Sticky Flame             Conj/Fire      24%        2d5       1%          4
 Agony                    Necr           24%        N/A       4%          5
 Alistair's Intoxication  Tmut/Pois      16%        N/A       4%          5
 Blade Hands              Tmut           12%        N/A       4%          5
 Borgnjor's Vile Clutch   Necr/Erth      12%        N/A       4%          5
 Fireball                 Conj/Fire      12%        3d7       4%          5
 Iskenderun's Battlesphe  Conj           24%        2d8       4%          5
 Manifold Assault         Tloc           24%        N/A       4%          5
 Conjure Ball Lightning   Conj/Air       12%        3x3d6     26%         6
 Dispersal                Tloc           12%        N/A       26%         6
 Eringya's Noxious Bog    Tmut/Pois      12%        N/A       26%         6
 Starburst                Conj/Fire      12%        6d5       26%         6
 Dragon Form              Tmut           12%        N/A       80%         7
 Orb of Destruction       Conj           12%        9d7       80%         7
 Storm Form               Tmut/Air       12%        N/A       80%         7
 Ignition                 Fire           12%        3d6       100%        8
 Tukima's Dance           Hex            Unusable   N/A       N/A         3
 Dragon's Call            Summ           Unusable   N/A       N/A         9

Dungeon Overview and Level Annotations

Branches:
Dungeon (15/15)            Temple (1/1) D:6            Lair (6/6) D:10
  Swamp (4/4) Lair:3       Spider (4/4) Lair:4        Slime (0/5) Lair:5
    Orc (2/2) D:11            Elf (0/3) Orc:2        Vaults (3/5) D:13
  Crypt (0/3) Vaults:2     Depths (0/4) D:15         Bailey (visited)
  IceCv (visited)         Gauntlet (visited)

Altars:
Ashenzari
Cheibriados
Dithmenos
Elyvilon
Fedhas
Gozag
Hepliaklqana
Kikubaaqudgha
Makhleb
Nemelex Xobeh
Okawaru
Qazlal
Ru
Sif Muna
Trog
Uskayaw
Vehumet
Wu Jian
Xom
Yredelemnul
Zin
The Shining One
Jiyva

Shops:
D:10 *   D:11 (   Vaults:1 !

Portals:
Trove: Vaults:2 (give +4 ice dragon scales)

Annotations:
D:6 3 runed translucent doors, superpeng's ghost, novice MiFi
Lair:5 1 runed translucent door
Swamp:4 3 runed translucent doors, HilariousDeathArtist's ghost, adept DDIE; NateTC's ghost, adept HOFi; holysushi's ghost, adept OpMo; pokeman's ghost, adept DEWz


Innate Abilities, Weirdness & Mutations

You have very sharp teeth.
Your uncanny sense of smell can sniff out nearby items.
Your experience applies equally to all skills.
You are partially covered in iridescent scales. (AC +2)
You have a somewhat thin skeletal structure. (Dex +2, Stealth+)
Your flesh is heat resistant. (rF+)
Your magical capacity is low. (-10% MP)
Your muscles are strong. (Str +2)


Message History

You destroy the lost soul!
The lost soul fades away!
The deep elf death mage casts a spell at you.
The bolt of negative energy misses you.
The deep elf high priest shoots an arrow.
You reflect the arrow off an invisible shield around you!
The arrow hits the deep elf high priest.
Throw: 20 javelins (silver)
Press: ? - help, Q - select action, (/) - cycle Shift-Dir - straight line, f - deep elf death mage
Aim: a deep elf death mage, wielding a +1 rapier of holy wrath (74% to hit)
You throw a silver javelin.
The silver javelin pierces through the deep elf death mage!!
The deep elf death mage is moderately wounded.
The deep elf death mage casts a spell at you.
The bolt of negative energy hits the lost soul.
The lost soul completely resists.
The bolt of negative energy hits you.
You feel drained.
* * * LOW HITPOINT WARNING * * *
Throw: 19 javelins (silver)
Press: ? - help, Q - select action, (/) - cycle Shift-Dir - straight line, f/p - deep elf death mage
Aim: a deep elf death mage, wielding a +1 rapier of holy wrath (moderately wounded, 74% to hit)
You throw a silver javelin.
The silver javelin pierces through the lost soul!!
You destroy the lost soul!
The lost soul fades away!
The silver javelin pierces through the deep elf death mage!!
The deep elf death mage is almost dead.
The deep elf high priest shoots an arrow.
The arrow hits you!
* * * LOW HITPOINT WARNING * * *
Throw: 18 javelins (silver)
Press: ? - help, Q - select action, (/) - cycle Shift-Dir - straight line, f/p - deep elf death mage
Aim: a deep elf death mage, wielding a +1 rapier of holy wrath (almost dead, 74% to hit)
You throw a silver javelin.
The silver javelin pierces through the deep elf death mage!!
You kill the deep elf death mage!
Okawaru accepts your kill.
The deep elf high priest calls down the wrath of its god upon you.
The sphere of damnation explodes!
The damnation engulfs you!!
You die...

..##......#.###......#
..##.#....####.......#
..##......# #........#
..#####...# ####'#####
.. #.#.# #...# #...#
#...# ##### #...#
#...# #.@.# #..=#
##'## #e).# #...#
#..(# #...# #.(.# ∆
#?.?#


You could see a deep elf high priest.

Vanquished Creatures
  Sojobo (Arena)
  Nikola (Arena)
  A tentacled monstrosity (Vaults:3)
  Mlioglotl (Spider:1)
  5 thorn hunters
  Frances (Swamp:1)
  A sphinx (Vaults:3)
  Gastronok (Lair:2)
  Kirke (Spider:3)
  Agnes (Spider:3)
  3 tengu reavers
  Donald (Swamp:1)
  2 frost giants (IceCv)
  2 fenstrider witches (Swamp:3)
  A fire giant (Vaults:1)
  A deep elf sorcerer (Vaults:1)
  7 emperor scorpions
  8 ghost moths
  4 orc warlords
  3 vault wardens
  A curse skull (Vaults:2)
  4 very ugly things
  4 broodmothers
  15 ironbound preservers
  4 ironbound thunderhulks
  3 eleionomae
  A white draconian (IceCv)
  A deep elf annihilator (Vaults:1)
  4 entropy weavers
  6 dire elephants
  A spark wasp (Spider:3)
  6 bunyips
  A minotaur (Gauntlet)
  A deep elf death mage (Vaults:3)
  Josephine (Spider:1)
  An ettin (Vaults:1)
  2 great orbs of eyes
  4 yaktaur captains
  An ice dragon (IceCv)
  2 shambling mangroves
  Fannar (D:10)
  4 boulder beetles
  10 ironbound frosthearts
  4 vault guards
  5 ghost crabs
  28 hydras
  6 two-headed ogres
  3 radroaches
  3 jorogumos (Spider:3)
  20 centaur warriors
  4 tengu warriors
  6 alligators
  5 death yaks
  Urug (Lair:2)
  6 orc high priests
  A soul eater (Vaults:2)
  3 sun moths
  40 deep trolls
  2 pharaoh ants
  2 steelbarb worms
  10 swamp dragons
  5 spriggan druids
  4 goliath frogs
  13 wizards
  2 bog bodies
  2 phantasmal warriors (Vaults:2)
  2 lindwurms (Vaults:1)
  9 ironbound convokers
  10 orb spiders
  6 harpies
  8 orc knights
  An obsidian statue (Vaults:2)
  Pikel (D:8)
  An orange crystal statue (IceCv)
  A wolf spider zombie (D:15)
  2 necromancers
  3 deep elf pyromancers
  A cyclops (D:12)
  24 wolf spiders
  22 ugly things
  2 manticores
  6 orc sorcerers
  2 oklob plants (Lair:5)
  4 moths of wrath (Spider:4)
  6 elephants (Lair:6)
  A centaur zombie (D:15)
  Maurice (D:11)
  5 will-o-the-wisps
  Joseph (D:8)
  5 black mambas
  A naga mage (D:15)
  10 vault sentinels
  6 torpor snails
  Maggie (D:8)
  3 gargoyles
  A centaur skeleton (D:15)
  15 cane toads
  20 rime drakes (IceCv)
  7 demonic crawlers
  12 komodo dragons
  A kobold demonologist (D:10)
  An ice devil (Gauntlet)
  An efreet (D:13)
  10 yaktaurs
  A shadow dragon simulacrum (Vaults:2)
  5 trolls
  23 polar bears
  3 meliai (Spider:3)
  11 tyrant leeches
  17 hornets
  26 tarantellas
  A raiju (Gauntlet)
  A tarantella (shapeshifter) (D:15)
  A blink frog (Lair:4)
  7 dream sheep (Lair:6)
  33 slime creatures
  35 jumping spiders
  A meliai zombie (D:15)
  3 centaur simulacra
  20 spriggans
  2 vampires
  3 wyverns
  6 basilisks
  22 culicivoras
  23 humans
  8 wraiths
  53 yaks
  A hog (Spider:3)
  13 vampire mosquitoes
  A steam dragon (D:9)
  46 redbacks
  Menkaure (D:5)
  15 swamp worms
  4 acid dragons
  6 wargs
  A floating eye (shapeshifter) (D:13)
  A sky beast (D:6)
  24 water moccasins
  An ice beast (D:5)
  8 black bears
  54 orc warriors
  A hornet zombie (D:15)
  12 swamp drakes
  4 boggarts (Lair:6)
  9 ogres
  42 wolves
  11 centaurs
  A phantom (D:6)
  A kobold brigand (D:10)
  10 bullfrogs
  2 gnoll sergeants
  2 scorpions
  A hornet simulacrum (Gauntlet)
  4 killer bees (D:8)
  2 howler monkeys
  4 electric eels
  A gnoll shaman (D:4)
  21 orc priests
  6 hounds
  A jelly (D:6)
  3 iguanas
  4 hell rats (Lair:6)
  2 lightning spires (Gauntlet)
  31 orc wizards
  A boggart simulacrum (Gauntlet)
  23 gnolls
  12 adders
  4 white imps
  2 worms (D:2)
  2 dart slugs
  94 orcs
  7 ball pythons
  3 endoplasms
  4 giant cockroaches
  9 goblins
  6 hobgoblins
  14 jackals
  8 kobolds
  5 quokkas
  7 bats
  A frilled lizard (D:3)
  5 rats
1375 creatures vanquished.

Vanquished Creatures (others)
  A wizard (Vaults:1)
  A bloated husk (Swamp:2)
  A culicivora (Spider:1)
  3 jumping spiders
  A human (Spider:3)
  6 redbacks (Spider:1)
  An orc priest (Orc:2)
  2 orcs
  4 demonic plants (Gauntlet)
  12 foxfires
  46 fungi
  61 plants
139 creatures vanquished.

Grand Total: 1514 creatures vanquished

Notes
Turn   | Place    | Note
-------+----------+-------------------------------------------
     0 | D:5      | Reached skill level 9 in Stealth
     0 | D:5      | DocClef the Gnoll Delver began the quest for the Orb.
     0 | D:5      | Reached XP level 1. HP: 23/23 MP: 1/1
     6 | D:5      | Noticed an orc wizard
   143 | D:4      | Noticed a hound
   167 | D:4      | Killed a hound
   168 | D:4      | Reached XP level 2. HP: 17/29 MP: 2/2
   168 | D:4      | Reached XP level 3. HP: 20/35 MP: 3/3
   511 | D:4      | Noticed a scorpion
   516 | D:4      | Reached skill level 1 in Long Blades
   516 | D:4      | Reached skill level 1 in Axes
   516 | D:4      | Reached skill level 1 in Maces & Flails
   516 | D:4      | Reached skill level 1 in Polearms
   516 | D:4      | Reached skill level 1 in Staves
   516 | D:4      | Reached skill level 1 in Slings
   516 | D:4      | Reached skill level 1 in Bows
   516 | D:4      | Reached skill level 1 in Crossbows
   516 | D:4      | Reached skill level 1 in Throwing
   516 | D:4      | Reached skill level 1 in Armour
   516 | D:4      | Reached skill level 1 in Shields
   516 | D:4      | Reached skill level 1 in Unarmed Combat
   516 | D:4      | Reached skill level 1 in Spellcasting
   516 | D:4      | Reached skill level 1 in Invocations
   516 | D:4      | Reached skill level 1 in Evocations
   516 | D:4      | Reached XP level 4. HP: 41/41 MP: 5/5
   518 | D:4      | Killed a scorpion
   519 | D:4      | Reached skill level 1 in Conjurations
   519 | D:4      | Reached skill level 1 in Hexes
   519 | D:4      | Reached skill level 1 in Summonings
   519 | D:4      | Reached skill level 1 in Necromancy
   519 | D:4      | Reached skill level 1 in Translocations
   519 | D:4      | Reached skill level 1 in Transmutations
   519 | D:4      | Reached skill level 1 in Fire Magic
   519 | D:4      | Reached skill level 1 in Ice Magic
   519 | D:4      | Reached skill level 1 in Air Magic
   519 | D:4      | Reached skill level 1 in Earth Magic
   519 | D:4      | Reached skill level 1 in Poison Magic
   519 | D:4      | Reached XP level 5. HP: 47/47 MP: 6/6
   934 | D:3      | Found an opulent altar of Gozag.
  1425 | D:3      | Found a radiant altar of Vehumet.
  1573 | D:3      | Identified the +10 short sword "Pyluclius" {pain, Fly rC-
                  | Int-5 Dex+6}
  2151 | D:2      | Reached XP level 6. HP: 53/53 MP: 8/8
  3355 | D:4      | Reached skill level 5 in Short Blades
  3355 | D:4      | Reached skill level 5 in Dodging
  3767 | D:5      | Reached XP level 7. HP: 57/59 MP: 10/10
  3767 | D:5      | Noticed a wraith
  3801 | D:4      | Killed a wraith
  4117 | D:5      | Found a white marble altar of Elyvilon.
  4117 | D:5      | Found a bloodstained altar of Trog.
  4117 | D:5      | Found a sparkling altar of Nemelex Xobeh.
  4117 | D:5      | Found a shadowy altar of Dithmenos.
  4127 | D:5      | Found a broken altar of Ashenzari.
  4131 | D:5      | Found a snail-covered altar of Cheibriados.
  4205 | D:5      | Reached skill level 10 in Stealth
  4515 | D:4      | Reached XP level 8. HP: 57/67 MP: 12/12
  4896 | D:5      | Noticed Menkaure
  4904 | D:5      | Killed Menkaure
  4964 | D:6      | Found a shimmering altar of Xom.
  4984 | D:6      | Noticed a four-headed hydra
  4987 | D:6      | Noticed superpeng's ghost (novice MiFi)
  5228 | D:6      | Found a runed translucent gate.
  5228 | D:6      | Found a runed translucent gate.
  5228 | D:6      | Found a runed translucent gate.
  5249 | D:6      | Found a staircase to the Ecumenical Temple.
  5250 | D:6      | Noticed a yak
  5252 | D:6      | Noticed a yak
  5253 | D:6      | Noticed a yak
  5253 | D:6      | Noticed a yak
  5254 | D:6      | Noticed a yak
  5257 | D:6      | Killed a yak
  5258 | D:6      | Reached XP level 9. HP: 73/73 MP: 14/14
  5259 | Temple   | Entered the Ecumenical Temple
  5386 | Temple   | Became a worshipper of Warmaster Okawaru
  5966 | D:7      | Found a flagged portal.
  5983 | Bailey   | Entered a bailey
  6042 | Bailey   | Reached * piety under Okawaru
  6268 | Bailey   | Reached skill level 5 in Invocations
  6625 | D:7      | Found a glowing silver altar of Zin.
  6800 | D:7      | Noticed a hornet
  6803 | D:7      | Killed a hornet
  7356 | D:8      | Identified the +2 scale mail of the Pleiades {MP-9 Int+3
                  | Slay+5}
  7392 | D:8      | Reached ** piety under Okawaru
  7393 | D:8      | Reached XP level 10. HP: 80/80 MP: 8/17
  7414 | D:8      | Reached skill level 5 in Long Blades
  7414 | D:8      | Reached skill level 5 in Axes
  7414 | D:8      | Reached skill level 5 in Maces & Flails
  7414 | D:8      | Reached skill level 5 in Polearms
  7414 | D:8      | Reached skill level 5 in Staves
  7414 | D:8      | Reached skill level 5 in Slings
  7414 | D:8      | Reached skill level 5 in Bows
  7414 | D:8      | Reached skill level 5 in Crossbows
  7414 | D:8      | Reached skill level 5 in Throwing
  7414 | D:8      | Reached skill level 5 in Armour
  7414 | D:8      | Reached skill level 5 in Shields
  7414 | D:8      | Reached skill level 5 in Unarmed Combat
  7414 | D:8      | Reached skill level 5 in Spellcasting
  7414 | D:8      | Reached skill level 5 in Evocations
  7416 | D:8      | Noticed Joseph
  7427 | D:8      | Killed Joseph
  7664 | D:8      | Reached *** piety under Okawaru
  7668 | D:8      | Reached skill level 11 in Stealth
  7814 | D:8      | Noticed Pikel
  7817 | D:8      | Noticed Maggie
  7824 | D:8      | Killed Pikel
  7844 | D:8      | Killed Maggie
  8289 | D:9      | Reached **** piety under Okawaru
  8690 | D:9      | Reached XP level 11. HP: 77/87 MP: 10/19
  8987 | D:9      | Reached skill level 5 in Conjurations
  8987 | D:9      | Reached skill level 5 in Hexes
  8987 | D:9      | Reached skill level 5 in Summonings
  8987 | D:9      | Reached skill level 5 in Necromancy
  8987 | D:9      | Reached skill level 5 in Translocations
  8987 | D:9      | Reached skill level 5 in Transmutations
  8987 | D:9      | Reached skill level 5 in Fire Magic
  8987 | D:9      | Reached skill level 5 in Ice Magic
  8987 | D:9      | Reached skill level 5 in Air Magic
  8987 | D:9      | Reached skill level 5 in Earth Magic
  8987 | D:9      | Reached skill level 5 in Poison Magic
  9172 | D:10     | Entered Level 10 of the Dungeon
  9178 | D:10     | Noticed Fannar
  9195 | D:10     | Killed Fannar
  9195 | D:10     | Reached ***** piety under Okawaru
  9471 | D:10     | Found Egiwurr's Assorted Antiques.
  9838 | D:10     | Identified the +2 robe of Daisies {rElec Will+ Int+5 Dex-2}
  9985 | D:10     | Found a staircase to the Lair.
 10283 | Lair:1   | Entered Level 1 of the Lair of Beasts
 10286 | Lair:1   | Found a gate leading to a gauntlet.
 10292 | Gauntlet | Entered a Gauntlet
 10292 | Gauntlet | Found a transporter.
 10292 | Gauntlet | Found a transporter.
 10296 | Gauntlet | Found a transporter.
 10298 | Gauntlet | Found a transporter.
 10308 | Gauntlet | Found a transporter.
 10316 | Gauntlet | Found a transporter.
 10317 | Gauntlet | Found a transporter.
 10317 | Gauntlet | Found a transporter.
 10321 | Gauntlet | Noticed a sixfirhy
 10321 | Gauntlet | Noticed a sixfirhy
 10358 | Gauntlet | Found a transporter.
 10390 | Gauntlet | Found a transporter.
 10404 | Gauntlet | Noticed a wizard
 10436 | Gauntlet | Found a transporter.
 10450 | Gauntlet | Found a transporter.
 10541 | Gauntlet | Found a transporter.
 10550 | Gauntlet | Found a transporter.
 10566 | Gauntlet | Found a transporter.
 10579 | Gauntlet | Found a transporter.
 10865 | Gauntlet | Identified a scroll of acquirement
 10865 | Gauntlet | Acquired the ring of Hoz Uhesch {rPois Will+ Str+2}
 11289 | Gauntlet | Identified the +2 cloak of Magic {Str+4}
 11823 | Gauntlet | Noticed a minotaur
 11834 | Gauntlet | Killed a minotaur
 12606 | Lair:1   | Received a gift from Okawaru
 12619 | Lair:1   | Reached XP level 12. HP: 96/96 MP: 6/22
 12700 | Lair:1   | Received a gift from Okawaru
 12725 | Lair:1   | Noticed a four-headed hydra
 12732 | Lair:1   | Killed a four-headed hydra
 13068 | Lair:1   | Gained mutation: You possess an exceptional clarity of
                  | mind. [potion of mutation]
 13068 | Lair:1   | Gained mutation: Your flesh is cold resistant. (rC+)
                  | [potion of mutation]
 13068 | Lair:1   | Gained mutation: Your body sometimes deteriorates upon
                  | taking damage. [potion of mutation]
 13069 | Lair:1   | Lost mutation: You possess an exceptional clarity of mind.
                  | [potion of mutation]
 13069 | Lair:1   | Lost mutation: Your body sometimes deteriorates upon taking
                  | damage. [potion of mutation]
 13069 | Lair:1   | Lost mutation: Your flesh is cold resistant. (rC+) [potion
                  | of mutation]
 13069 | Lair:1   | Gained mutation: You have hidden genetic defects. [potion
                  | of mutation]
 13069 | Lair:1   | Gained mutation: You sometimes lose the ability to read
                  | scrolls when taking damage. [potion of mutation]
 13070 | Lair:1   | Lost mutation: You have hidden genetic defects. [potion of
                  | mutation]
 13070 | Lair:1   | Lost mutation: You sometimes lose the ability to read
                  | scrolls when taking damage. [potion of mutation]
 13070 | Lair:1   | Gained mutation: Your body sometimes deteriorates upon
                  | taking damage. [potion of mutation]
 13070 | Lair:1   | Gained mutation: Your mind is acute. (Int +2) [potion of
                  | mutation]
 13070 | Lair:1   | Gained mutation: Your muscles are strong. (Str +2) [potion
                  | of mutation]
 13071 | Lair:1   | Lost mutation: Your body sometimes deteriorates upon taking
                  | damage. [potion of mutation]
 13071 | Lair:1   | Lost mutation: Your mind is acute. (Int +2) [potion of
                  | mutation]
 13071 | Lair:1   | Gained mutation: You are partially covered in iridescent
                  | scales. (AC +2) [potion of mutation]
 13071 | Lair:1   | Gained mutation: Your magical capacity is low. (-10% MP)
                  | [potion of mutation]
 13071 | Lair:1   | Gained mutation: You have hidden genetic potential. [potion
                  | of mutation]
 13112 | Lair:2   | Noticed Urug
 13141 | Lair:2   | Killed Urug
 13154 | Lair:2   | Received a gift from Okawaru
 13276 | Lair:2   | Noticed Gastronok
 13293 | Lair:2   | Killed Gastronok
 13709 | Lair:2   | Reached skill level 12 in Stealth
 13769 | Lair:3   | Found a staircase to the Swamp.
 13832 | Lair:3   | Reached skill level 10 in Fighting
 14141 | Lair:3   | Identified the +4 pair of gloves of Larghoeri {Drain rElec
                  | rF+++ Str+2} (Okawaru gifted it to you on level 3 of the
                  | Lair of Beasts)
 14141 | Lair:3   | Received a gift from Okawaru
 14881 | Lair:4   | Reached XP level 13. HP: 89/103 MP: 10/22
 15145 | Lair:4   | Gained mutation: Your flesh is heat resistant. (rF+)
                  | [hidden potential]
 15160 | Lair:4   | Identified the +7 hand crossbow "Oprud" {speed, rElec}
 15342 | Lair:4   | Found a hole to the Spider Nest.
 15846 | Lair:5   | Found a runed translucent door.
 16317 | Lair:5   | Received a gift from Okawaru
 16941 | Lair:5   | Found a viscous altar of Jiyva.
 16941 | Lair:5   | Found a staircase to the Slime Pits.
 17742 | D:11     | Received a gift from Okawaru
 18012 | D:11     | Found Demyqior's Weapon Shop.
 18012 | D:11     | Found a staircase to the Orcish Mines.
 18023 | D:11     | Noticed Maurice
 18050 | D:11     | Killed Maurice
 18050 | D:11     | Identified the +4 executioner's axe of Rubbish {vorpal,
                  | *Corrode rElec Str+3 Int+3} (Okawaru gifted it to you on
                  | level 11 of the Dungeon)
 18050 | D:11     | Received a gift from Okawaru
 18623 | Orc:1    | Entered Level 1 of the Orcish Mines
 18811 | Orc:1    | Noticed an orc warlord
 18820 | Arena    | Entered the Arena
 18837 | Arena    | Killed an orc warlord
 18838 | Arena    | Reached skill level 10 in Short Blades
 18838 | Arena    | Reached skill level 10 in Dodging
 18838 | Arena    | Reached XP level 14. HP: 54/113 MP: 1/24
 19195 | Orc:2    | Entered Level 2 of the Orcish Mines
 19218 | Orc:2    | Found a staircase to the Elven Halls.
 19754 | Orc:2    | Gained mutation: You have a somewhat thin skeletal
                  | structure. (Dex +2, Stealth+) [hidden potential]
 19754 | Orc:2    | Lost mutation: You have hidden genetic potential. [hidden
                  | potential expressed]
 19997 | Orc:1    | Received a gift from Okawaru
 20004 | Orc:1    | Reached skill level 13 in Stealth
 20397 | Orc:1    | Noticed an orc warlord
 20403 | Orc:1    | Received a gift from Okawaru
 20406 | Arena    | Entered the Arena
 20419 | Arena    | Killed an orc warlord
 20476 | Orc:1    | Reached skill level 10 in Invocations
 21370 | Orc:1    | Noticed an orc warlord
 21857 | D:12     | Received a gift from Okawaru
 22248 | D:13     | Identified the +1 pair of gloves of the Salmon {rElec rF+
                  | rN+ Int+3} (Okawaru gifted it to you on level 13 of the
                  | Dungeon)
 22248 | D:13     | Received a gift from Okawaru
 22358 | D:13     | Found a gate to the Vaults.
 22852 | D:13     | Found a white marble altar of Elyvilon.
 23026 | D:13     | Reached XP level 15. HP: 120/120 MP: 16/25
 23656 | D:14     | Reached skill level 10 in Long Blades
 23656 | D:14     | Reached skill level 10 in Axes
 23656 | D:14     | Reached skill level 10 in Maces & Flails
 23656 | D:14     | Reached skill level 10 in Polearms
 23656 | D:14     | Reached skill level 10 in Staves
 23656 | D:14     | Reached skill level 10 in Slings
 23656 | D:14     | Reached skill level 10 in Bows
 23656 | D:14     | Reached skill level 10 in Crossbows
 23656 | D:14     | Reached skill level 10 in Throwing
 23656 | D:14     | Reached skill level 10 in Armour
 23656 | D:14     | Reached skill level 10 in Shields
 23656 | D:14     | Reached skill level 10 in Unarmed Combat
 23656 | D:14     | Reached skill level 10 in Spellcasting
 23656 | D:14     | Reached skill level 10 in Evocations
 23717 | D:14     | Reached ****** piety under Okawaru
 23829 | D:14     | Found a hide-covered altar of Uskayaw.
 23977 | D:14     | Identified the +1 cloak of Hadjma {Int+3} (Okawaru gifted
                  | it to you on level 14 of the Dungeon)
 23977 | D:14     | Received a gift from Okawaru
 24144 | D:15     | Entered Level 15 of the Dungeon
 24388 | D:15     | Identified the +1 trident "Ypsiun" {vorpal, Int+2}
 24705 | D:15     | Found a staircase to the Depths.
 25102 | Arena    | Entered the Arena
 25113 | Arena    | Killed an orc warlord
 25284 | Orc:1    | Found the +7 lajatang of Order {silver, rMut}
 26101 | Orc:2    | Noticed an orc warlord
 26661 | Lair:6   | Entered Level 6 of the Lair of Beasts
 26746 | Lair:6   | Received a gift from Okawaru
 26763 | Lair:6   | Reached skill level 14 in Stealth
 26862 | Lair:6   | Received a gift from Okawaru
 26863 | Lair:6   | Reached XP level 16. HP: 83/128 MP: 18/27
 27191 | Lair:6   | Identified the +9 falchion of Uskayaw's Approval {protect,
                  | rC+++ rN+ Str-5 Int+4}
 27252 | Lair:6   | Received a gift from Okawaru
 27619 | Lair:6   | Found an iron altar of Okawaru.
 28240 | Lair:6   | Found the necklace of Bloodlust {*Rage Will++ Int-3 Slay+6}
 28490 | Swamp:1  | Entered Level 1 of the Swamp
 28849 | Swamp:1  | Noticed a thorn hunter
 28856 | Swamp:1  | Killed a thorn hunter
 28901 | Swamp:1  | Noticed Donald
 28919 | Swamp:1  | Killed Donald
 28919 | Swamp:1  | Identified the +3 buckler of Anarchy {Rampage rElec Will-
                  | SInv} (Okawaru gifted it to you on level 1 of the Swamp)
 28919 | Swamp:1  | Received a gift from Okawaru
 29009 | Swamp:1  | Noticed Frances
 29017 | Swamp:1  | Killed Frances
 29127 | Swamp:1  | Noticed a thorn hunter
 29140 | Swamp:1  | Killed a thorn hunter
 29741 | Swamp:2  | Noticed a thorn hunter
 29754 | Swamp:2  | Killed a thorn hunter
 30434 | Swamp:3  | Reached XP level 17. HP: 122/136 MP: 17/29
 30774 | Swamp:3  | Identified the +4 crystal plate armour of Pynig {Rampage
                  | rC+} (Okawaru gifted it to you on level 3 of the Swamp)
 30774 | Swamp:3  | Received a gift from Okawaru
 31328 | Swamp:4  | Entered Level 4 of the Swamp
 31494 | Swamp:4  | Found a frozen archway.
 31503 | Swamp:4  | Identified the +7 chain mail "Gelenat" {*Slow rF+ rC+
                  | Dex+3}
 31510 | IceCv    | Entered an ice cave
 32458 | IceCv    | Received a gift from Okawaru
 32459 | IceCv    | Reached skill level 10 in Conjurations
 32459 | IceCv    | Reached skill level 10 in Hexes
 32459 | IceCv    | Reached skill level 10 in Summonings
 32459 | IceCv    | Reached skill level 10 in Necromancy
 32459 | IceCv    | Reached skill level 10 in Translocations
 32459 | IceCv    | Reached skill level 10 in Transmutations
 32459 | IceCv    | Reached skill level 10 in Fire Magic
 32459 | IceCv    | Reached skill level 10 in Ice Magic
 32459 | IceCv    | Reached skill level 10 in Air Magic
 32459 | IceCv    | Reached skill level 10 in Earth Magic
 32459 | IceCv    | Reached skill level 10 in Poison Magic
 32997 | IceCv    | Received a gift from Okawaru
 33321 | Swamp:4  | Reached skill level 15 in Stealth
 33366 | Swamp:4  | Identified the +0 pair of gloves of the Little Devil
                  | {+Blink rPois rC++ SInv} (Okawaru gifted it to you on level
                  | 4 of the Swamp)
 33366 | Swamp:4  | Received a gift from Okawaru
 33457 | Swamp:4  | Found a runed translucent gate.
 33895 | Swamp:4  | Found a runed translucent gate.
 33897 | Swamp:4  | Found a runed translucent gate.
 33898 | Swamp:4  | Noticed pokeman's ghost (adept DEWz)
 33898 | Swamp:4  | Noticed NateTC's ghost (adept HOFi)
 33898 | Swamp:4  | Noticed HilariousDeathArtist's ghost (adept DDIE)
 33901 | Swamp:4  | Noticed holysushi's ghost (adept OpMo)
 34208 | Swamp:4  | Reached XP level 18. HP: 89/139 MP: 21/30
 34732 | Swamp:4  | Got a decaying rune of Zot
 34982 | Spider:1 | Entered Level 1 of the Spider Nest
 35065 | Spider:1 | Noticed Nikola
 35069 | Arena    | Entered the Arena
 35082 | Arena    | Killed Nikola
 35484 | Spider:1 | Noticed Josephine
 35503 | Spider:1 | Killed Josephine
 35559 | Spider:1 | Noticed Mlioglotl
 35573 | Spider:1 | Killed Mlioglotl
 35696 | Spider:1 | Identified the +9 rapier "Lyoxughat" {elec, rN++ Will+ MP+9
                  | Str-3}
 36289 | Spider:2 | Identified the +4 dagger "Piyskiwu" {vorpal, rElec rN++
                  | Dex+2 Stlth-}
 36333 | Spider:2 | Received a gift from Okawaru
 37539 | Spider:3 | Received a gift from Okawaru
 37582 | Spider:3 | Noticed Kirke
 37603 | Spider:3 | Killed Kirke
 37615 | Spider:3 | Received a gift from Okawaru
 37629 | Spider:3 | HP: 6/146 [wolf spider[a torpor snail] (12)]
 38378 | Spider:3 | Noticed Agnes
 38399 | Spider:3 | Killed Agnes
 38865 | Spider:4 | Entered Level 4 of the Spider Nest
 38982 | Spider:3 | Paralysed by a jorogumo for 3 turns
 38984 | Spider:3 | HP: 5/144 [jorogumo (10)]
 39471 | Spider:4 | Received a gift from Okawaru
 39838 | Spider:4 | Received a gift from Okawaru
 39839 | Spider:4 | Reached XP level 19. HP: 109/152 MP: 32/32
 40216 | Spider:4 | Received a gift from Okawaru
 41378 | Spider:4 | Got a gossamer rune of Zot
 41866 | Spider:3 | Received a gift from Okawaru
 42639 | Vaults:1 | Entered Level 1 of the Vaults
 42825 | Vaults:1 | Found Ciheom's Distillery.
 42952 | Vaults:1 | Reached skill level 16 in Stealth
 44706 | Vaults:1 | Reached XP level 20. HP: 153/161 MP: 24/33
 45010 | Vaults:1 | Cast into level 2 of the Abyss (a deep elf sorcerer)
 45019 | Vaults:1 | Escaped the Abyss
 45039 | Vaults:1 | Received a gift from Okawaru
 45599 | Vaults:2 | Found a portal to a secret trove of treasure.
 45817 | Vaults:2 | Reached skill level 15 in Fighting
 45820 | Vaults:2 | Noticed Sojobo
 45855 | Vaults:2 | Paralysed by an air elemental for 1 turns
 45862 | Arena    | Entered the Arena
 45889 | Arena    | Killed Sojobo
 46494 | Vaults:2 | Reached skill level 15 in Invocations
 47302 | Vaults:2 | Received a gift from Okawaru
 47354 | Vaults:2 | Found a staircase to the Crypt.
 47663 | Vaults:2 | Identified the +0 pair of boots "Utuotubu" {Dex+3} (Okawaru
                  | gifted it to you on level 2 of the Vaults)
 47663 | Vaults:2 | Received a gift from Okawaru
 48090 | Vaults:3 | Reached XP level 21. HP: 87/169 MP: 23/35
 48441 | Vaults:3 | Killed from afar by a deep elf high priest

Illustrated notes

Levels and vault maps discovered:
D:1:      evilmike_arrival_crescent, layout_loops_ring
D:2:      layout_basic
D:3:      layout_loops_corners, mainiacjoe_overflow_alcove_1,
          nicolae_vehumet_radiance
D:4:      layout_loops_ring, kennysheep_generic_room_5
D:5:      layout_rooms, minmay_overflow_temple_hex, grunt_decor_arrowhead,
          uniq_menkaure
D:6:      layout_loops_cross, xom_teletrap_fun, minmay_temple_entry_nine_rooms,
          gammafunk_ghost_split
D:7:      layout_loops_corners, mainiacjoe_overflow_24_doors, enter_bailey_5,
          hex_large
D:8:      layout_rooms, uniq_pikel, uniq_maggie, uniq_joseph
D:9:      layout_long_grid
D:10:     layout_loops_ring, lair_entry_dummy, serial_shops, shop_coins,
          nicolae_zen_rock_garden, dreamdust_princess_bridge, uniq_fannar
D:11:     layout_irregular_city, orc_david_3, uniq_maurice
D:12:     layout_loops_ring, drop_trap
D:13:     minmay_wizard_corner, layout_basic, grunt_vaults_entry_tiered,
          elyvilon_altar_3
D:14:     layout_cave_pools, nicolae_uskayaw_suspiria
D:15:     grunt_enter_depths_magical_seal, layout_loops_ring,
          hangedman_decor_peaks_small, drop_trap
Temple:   nicolae_temple_x_marks_the_god
Lair:1:   layout_misc_corridors, gauntlet_entry_generic, st_stairs_12,
          minivault_27, lemuel_fruit_tree, serial_bayou_shore_a
Lair:2:   layout_hall_layers, uniq_urug, uniq_gastronok
Lair:3:   layout_chaotic_city, minmay_swamp_entry_reptiles
Lair:4:   cheibrodos_lair_river_kwai, layout_small_grid,
          nicolae_spider_entry_tight_spaces, grunt_forest_large_clearings
Lair:5:   dpeg_oklob_gauntlet, layout_loops_ring, slime_altar_2
Lair:6:   minmay_lair_end_enchanted_forest, layout_hall_layers, basic_altar,
          wad_woods_road_02, nicolae_quartered_pool_super, grunt_megastairs_3,
          serial_bayou_shore_b
Swamp:1:  layout_basic_swamp, nicolae_swamp_feature_on_the_river_bank,
          swamp_pool1, uniq_donald, uniq_frances
Swamp:2:  layout_basic_swamp, evilmike_swamp_ruin_house_2
Swamp:3:  layout_basic_swamp, evilmike_swamp_ruin_house_5
Swamp:4:  swamp, layout_basic_swamp, gammafunk_ghost_cemetery,
          portal_ice_cave_entry_pillars_1
Spider:1: layout_spider_delve, hangedman_spider_tarantella_strand, uniq_nikola,
          uniq_josephine, uniq_mlioglotl
Spider:2: layout_spider_delve
Spider:3: layout_spider_delve, drop_trap, hive_lemuel, uniq_kirke, uniq_agnes
Spider:4: grunt_spider_rune_parallel, nicolae_spider_some_kinda_spiderbox
Orc:1:    layout_diamond_mine, minmay_orc_treasury
Orc:2:    st_orc_congregation, layout_caves, serial_shops, shop
Vaults:1: hangedman_vaults_pinch, nicolae_vaults_gold_heap,
          nicolae_vaults_network_barrier, dpeg_vaults_monster_row,
          grunt_vaults_bifocal, ontoclasm_vaults_pinch, ontoclasm_vaults_twist,
          v_misc_1, vaults_dpeg_hooks, nicolae_vaults_specimen_jars,
          vaults_room_pools, st_smaller_cells, serial_ice_h,
          layout_vaults_omnicross, serial_shops, shop_fountains
Vaults:2: nicolae_vaults_statue_guard, vaults_standard_mumra_enter_the_diamond,
          v_misc_29, minmay_crypt_entry_simple_corners,
          hangedman_vaults_stretched_pinwheel, nicolae_vaults_network_periphery,
          nicolae_vaults_sealed_display, nicolae_vaults_ninety_degrees,
          nicolae_vaults_little_squares_3, v_misc_19, serial_ice_b,
          nicolae_vaults_mini_display_case, vaults_dpeg_doors,
          nicolae_vaults_little_squares_5, nicolae_vaults_circle_grid_a,
          vaults_dpeg_cross, nicolae_vaults_little_squares_1,
          layout_vaults_maze_bifur, nicolae_trove_entry_isolated, uniq_sojobo
Vaults:3: ontoclasm_vaults_bender, vaults_standard_mumra_x, v_rooms_2,
          hangedman_vaults_locks, nicolae_vaults_little_squares_2, v_misc_12,
          grunt_vaults_diagonal, vaults_dpeg_diagonal, hangedman_vaults_cutoff,
          dpeg_vaults_monster_box, grunt_vaults_focal, dpeg_vaults_waves,
          vaults_room_pool, layout_vaults_ring

Skill      XL: |  1  2  3  4  5  6  7  8  9 10 11 12 13 14 15 16 17 18 19 20 |
---------------+-------------------------------------------------------------+-----
Stealth        | 10 11 12 13 14 15 16 | 16.7
Long Blades    | 1 2 3 4 5 6 7 8 9 10 11 12 13 14 | 14.1
Axes           | 1 2 3 4 5 6 7 8 9 10 11 12 13 14 | 14.1
Maces & Flails | 1 2 3 4 5 6 7 8 9 10 11 12 13 14 | 14.1
Polearms       | 1 2 3 4 5 6 7 8 9 10 11 12 13 14 | 14.1
Staves         | 1 2 3 4 5 6 7 8 9 10 11 12 13 14 | 14.1
Slings         | 1 2 3 4 5 6 7 8 9 10 11 12 13 14 | 14.1
Bows           | 1 2 3 4 5 6 7 8 9 10 11 12 13 14 | 14.1
Crossbows      | 1 2 3 4 5 6 7 8 9 10 11 12 13 14 | 14.1
Throwing       | 1 2 3 4 5 6 7 8 9 10 11 12 13 14 | 14.1
Armour         | 1 2 3 4 5 6 7 8 9 10 11 12 13 14 | 14.1
Shields        | 1 2 3 4 5 6 7 8 9 10 11 12 13 14 | 14.1
Unarmed Combat | 1 2 3 4 5 6 7 8 9 10 11 12 13 14 | 14.1
Spellcasting   | 1 2 3 4 5 6 7 8 9 10 11 12 13 14 | 14.1
Invocations    | 1 2 3 4 5 6 7 8 9 10 11 12 13 14 15 | 15.3
Evocations     | 1 2 3 4 5 6 7 8 9 10 11 12 13 14 | 14.1
Conjurations   | 1 2 3 4 5 6 7 8 9 10 11 12 | 12.0
Hexes          | 1 2 3 4 5 6 7 8 9 10 11 12 | 12.0
Summonings     | 1 2 3 4 5 6 7 8 9 10 11 12 | 12.0
Necromancy     | 1 2 3 4 5 6 7 8 9 10 11 12 | 12.0
Translocations | 1 2 3 4 5 6 7 8 9 10 11 12 | 12.0
Transmutations | 1 2 3 4 5 6 7 8 9 10 11 12 | 12.0
Fire Magic     | 1 2 3 4 5 6 7 8 9 10 11 12 | 12.0
Ice Magic      | 1 2 3 4 5 6 7 8 9 10 11 12 | 12.0
Air Magic      | 1 2 3 4 5 6 7 8 9 10 11 12 | 12.0
Earth Magic    | 1 2 3 4 5 6 7 8 9 10 11 12 | 12.0
Poison Magic   | 1 2 3 4 5 6 7 8 9 10 11 12 | 12.0
Short Blades   | 5 6 7 8 9 10 11 12 13 14 | 14.8
Dodging        | 5 6 7 8 9 10 11 12 13 14 | 14.8
Fighting       | 7 8 9 10 11 12 13 14 15 | 15.4

Action                   |  1- 3 |  4- 6 |  7- 9 | 10-12 | 13-15 | 16-18 | 19-21 || total
-------------------------+-------+-------+-------+-------+-------+-------+-------++-------
Melee: Short sword       |    24 |   175 |   190 |   470 |  1290 |  1059 |  1166 ||  4374
       Bite              |     2 |    16 |    20 |    69 |   222 |   344 |   304 ||   977
       Punch             |       |     3 |     7 |    26 |    70 |       |       ||   106
       Falchion          |       |       |       |       |       |   322 |       ||   322
       Rapier            |       |       |       |       |       |   486 |   216 ||   702
Throw: Throwing net      |       |       |       |     1 |     1 |     2 |       ||     4
       Javelin           |       |       |       |       |       |       |     4 ||     4
Invok: Heroism           |       |       |     1 |    10 |    15 |    22 |    13 ||    61
       Finesse           |       |       |       |     3 |     7 |    14 |    11 ||    35
       Duel              |       |       |       |       |     3 |     1 |     1 ||     5
Evoke: Wand              |       |       |       |       |     1 |       |       ||     1
  Use: Scroll            |       |       |     1 |    33 |     2 |     4 |       ||    40
       Potion            |       |       |       |     7 |     1 |     3 |       ||    11
 Stab: Sleeping          |     2 |    27 |    26 |     9 |    35 |    51 |    26 ||   176
       Distracted        |       |       |     1 |     3 |     1 |    13 |     4 ||    22
       Held in net/web   |       |       |       |     1 |       |     1 |       ||     2
       Confused          |       |       |       |       |       |     3 |       ||     3
Armor: Leather armour    |     2 |    27 |    25 |       |       |       |       ||    54
       Scale mail        |       |       |       |   173 |   336 |   611 |   371 ||  1491
Dodge: Dodged            |    13 |   133 |   166 |   359 |   627 |   966 |   779 ||  3043
Block: Kite shield       |       |       |       |       |   377 |  1497 |  1126 ||  3000
       Other             |       |       |       |       |    21 |       |       ||    21
       Reflection        |       |       |       |       |    21 |    20 |    30 ||    71

Table legend: (Time is in decaauts)
 A = Elapsed time spent in this place.
 B = Non-inter-level travel time spent in this place.
 C = Inter-level travel time spent in this place.
 D = Time resting spent in this place.
 E = Time spent auto-exploring this place.
 F = Levels seen in this place.
 G = Mean time per level.
                   A        B        C        D        E       F      G
               +--------+--------+--------+--------+--------+-----+--------+
         Total |  46131 |  43905 |   2226 |   8058 |  26881 |  44 | 1048.4 |
       Dungeon |  14488 |  13566 |    922 |   1137 |  10265 |  15 |  965.9 |
        Temple |    254 |    245 |      9 |     99 |     87 |   1 |  254.0 |
          Lair |   7459 |   6819 |    640 |    613 |   4789 |   6 | 1243.2 |
         Swamp |   4274 |   4110 |    164 |    663 |   2570 |   4 | 1068.5 |
   Spider Nest |   6948 |   6709 |    239 |   2085 |   3155 |   4 | 1737.0 |
  Orcish Mines |   3886 |   3747 |    139 |   1591 |   1341 |   2 | 1943.0 |
        Vaults |   4919 |   4809 |    110 |    737 |   3155 |   3 | 1639.7 |
         Abyss |      8 |      8 |      0 |      0 |      0 |   1 |    8.0 |
        Bailey |    517 |    517 |      0 |      0 |    388 |   1 |  517.0 |
      Ice Cave |   1739 |   1739 |      0 |    505 |    807 |   1 | 1739.0 |
      Gauntlet |   1532 |   1532 |      0 |    568 |    322 |   1 | 1532.0 |
         Arena |    103 |    103 |      0 |     58 |      0 |   5 |   20.6 |
               +--------+--------+--------+--------+--------+-----+--------+

Top non-repeatable levels by time:
   Orc:1: 3424 daAuts
Spider:3: 2432 daAuts
Vaults:1: 2395 daAuts
Spider:4: 2230 daAuts
Vaults:2: 2000 daAuts
     D:4: 1853 daAuts
    D:13: 1746 daAuts
   IceCv: 1739 daAuts
  Lair:6: 1585 daAuts
Gauntlet: 1532 daAuts
  Lair:5: 1423 daAuts
 Swamp:3: 1333 daAuts
  Lair:4: 1304 daAuts
  Lair:1: 1287 daAuts
    D:11: 1203 daAuts
